 Dungeon Crawl Stone Soup version 0.30-a0-802-gb92711bcdf (webtiles) character file.

Game seed: 4487365999394944899

41 freelancePsychic the Vexing (level 3, 0/27 HPs)
             Began as a Vine Stalker Hexslinger on Feb 23, 2023.
             Slain by a white imp (4 damage)
             ... summoned by Natasha
             ... on level 2 of the Dungeon.
             The game lasted 00:03:14 (1167 turns).

freelancePsychic the Vexing (VSHs)                  Turns: 1167, Time: 00:03:14

Health: 0/27       AC: 21    Str: 12    XL:     3   Next: 52%
Magic:  0/5        EV:  2    Int: 15    God:
Gold:   64         SH:  0    Dex: 14    Spells: 0/4 levels left

rFire   . . .      SeeInvis .    a - +2 sling
rCold   . . .      Faith    .    (no shield)
rNeg    . . .      Spirit   +    (body armour currently unavailable)
rPois   +          Reflect  .    (helmet currently unavailable)
rElec   .          Harm     .    (cloak currently unavailable)
rCorr   .          Rampage  .    (gloves currently unavailable)
Will    .....      NoTele   +    (boots currently unavailable)
Stlth   +                        (no amulet)
HPRegen 0.24/turn                (no ring)
MPRegen 0.09/turn                (no ring)

@: tree-form, silenced
A: stationary, stasis, torment immunity, boosted hp, (fangs 2), magic shield,
(antimagic bite), no potion heal 2
a: no special abilities


You were on level 2 of the Dungeon.
You were a tree.
You visited 1 branch of the dungeon, and saw 2 of its levels.

You collected 64 gold pieces.

Inventory:

Hand Weapons
 a - a +2 sling (weapon)
Missiles
 p - 6 poisoned darts
Armour
 c - a +0 robe (melded)
 n - a +0 helmet (melded)
Scrolls
 b - a scroll of poison
 d - 2 scrolls of teleportation {@r4}
 j - a scroll of blinking
Potions
 e - a potion of resistance {unknown}
 h - a potion of flight {unknown}
 i - a potion of lignification
 l - a potion of curing {@q1}
 o - a potion of might {unknown}
 q - a potion of berserk rage {unknown}


   Skills:
 + Level 1.5 Fighting
 - Level 0.3 Short Blades
 - Level 1.7 Ranged Weapons
 - Level 1.5 Dodging
 * Level 2.7 Stealth
 - Level 1.1 Spellcasting
 + Level 3.1 Hexes
 + Level 0.7 Summonings


You couldn't memorise any spells.
You knew the following spells:

 Your Spells              Type           Power      Damage    Failure   Level
a - Slow                  Hex            40%        N/A       7%          1
b - Summon Guardian Gole  Hex/Summ       6%         N/A       32%         3

Your spell library contained the following spells:

 Spells                   Type           Power      Damage    Failure   Level
 Inner Flame              Hex/Fire       5%         N/A       36%         3
 Portal Projectile        Hex/Tloc       10%        N/A       36%         3
 Cause Fear               Hex            5%         N/A       54%         4
 Orb of Destruction       Conj           0%         9d5       100%        7
 Spellforged Servitor     Conj/Summ      0%         N/A       100%        7


Dungeon Overview and Level Annotations

Branches:
Dungeon (2/15)

Altars:

Annotations:
D:2 Natasha


Innate Abilities, Weirdness & Mutations

You are a tree.
Your roots penetrate the ground, keeping you stationary.
You cannot be teleported.
You are immune to unholy pain and torment.
Your maximum health is greatly increased.
Your equipment is partially melded.
((You have extremely sharp teeth.))
When hurt, damage is shared between your health and your magic reserves.
((Your bite disrupts and absorbs the magic of your enemies.))
Potions cannot restore your health.


Message History

Unknown command.
As you read the scroll of teleportation {@r4}, it crumbles to dust.
You feel strangely unstable.
You feel sick. The adder completely misses you.
Natasha mumbles some strange words.
You feel disoriented. The white imp gestures at you.
The puff of frost hits you!
* * * LOW HITPOINT WARNING * * *
You feel sick. The adder closely misses you.
It was a potion of lignification.
You turn into a tree.
Your +0 helmet melds into your body.
Your +0 robe melds into your body.
Your roots penetrate the ground.
You feel strangely stable.
You feel sick.
Natasha casts a spell.
The adder barely misses you.
It was a potion of curing.
Your system rejects the healing.
You feel better. The adder bites you but does no damage.
You aren't carrying any items that you can evoke.
Okay, then.
Cast which spell? (? or * to list)
Okay, then.
Okay, then.
As you read the scroll of silence, it crumbles to dust.
A profound silence engulfs you. The adder bites you but does no damage.
Natasha claws you but does no damage. The adder barely misses you.
You shoot a sling bullet.
The sling bullet closely misses Natasha.
The sling bullet barely misses the white imp.
Natasha claws you but does no damage. The adder bites you but does no damage.
Natasha barely misses you.
You shoot a sling bullet. The sling bullet hits Natasha.
Natasha is lightly wounded.
The adder bites you but does no damage. x2
Natasha claws you but does no damage.
You shoot a sling bullet.
The sling bullet hits Natasha but does no damage.
Natasha is lightly wounded.
The adder bites you but does no damage. The white imp hits you.
* * * LOW HITPOINT WARNING * * *
The white imp freezes you.
You die...

## ### .. #..
##.# ## #.# #..#
..# #.# #..###..#
#.####†......#
###.#.....#....
##......?.......
#..####.♣5.###..#
#.## ##Sh......#
# ####.#
#5......... #
##....#
#.......>.# #
#..####
#......?..
####### #.##
....#.....
#...... #.#
#'#..#.....
#.##### #####.##
## ..##.#.....
#.#####
.......###.# ...
#.#.#### #.##...


You could see Natasha, a crimson imp (summoned, unsilenced), an adder and a
white imp (summoned, unsilenced).

Vanquished Creatures
  An adder (D:2)
  2 worms (D:2)
  A dart slug (D:1)
  3 bats (D:1)
  2 endoplasms (D:1)
  4 goblins
  3 hobgoblins (D:2)
  3 ball pythons (D:1)
  5 frilled lizards
  2 rats
26 creatures vanquished.

Notes
Turn   | Place    | Note
-------+----------+-------------------------------------------
     0 | D:1      | freelancePsychic the Vine Stalker Hexslinger began the
                  | quest for the Orb.
     0 | D:1      | Reached XP level 1. HP: 9/9 MP: 3/3
    42 | D:1      | Reached skill level 1 in Fighting
    42 | D:1      | Reached skill level 1 in Stealth
   128 | D:1      | Reached XP level 2. HP: 14/14 MP: 4/4
   768 | D:2      | Reached XP level 3. HP: 18/18 MP: 3/5
   772 | D:2      | Learned a level 3 spell: Summon Guardian Golem
   929 | D:2      | Noticed Natasha
  1167 | D:2      | Slain by a white imp

Illustrated notes

Levels and vault maps discovered:
D:1:      dpeg_arrival_rooms_with_view, layout_loops_cross
D:2:      layout_loops_cross, minmay_joined_circles, uniq_natasha

Skill      XL: |  1  2 |
---------------+-------+-----
Fighting       | 1 |  1.5
Stealth        | 1 2 |  2.7
Short Blades   | |  0.3
Ranged Weapons | |  1.7
Dodging        | |  1.5
Spellcasting   | |  1.1
Hexes          | |  3.1
Summonings     | |  0.7

Action                     || total
---------------------------++-------
   Fire: Sling             ||   107
    Use: Scroll            ||     8
         Potion            ||     2
 Armour: Robe              ||     5
         Skin              ||     9
  Dodge: Dodged            ||    31

Table legend: (Time is in decaauts)
 A = Elapsed time spent in this place.
 B = Non-inter-level travel time spent in this place.
 C = Inter-level travel time spent in this place.
 D = Time resting spent in this place.
 E = Time spent auto-exploring this place.
 F = Levels seen in this place.
 G = Mean time per level.
                   A        B        C        D        E       F      G
               +--------+--------+--------+--------+--------+-----+--------+
         Total |   1205 |   1105 |    100 |      0 |    809 |   2 |  602.5 |
       Dungeon |   1205 |   1105 |    100 |      0 |    809 |   2 |  602.5 |
               +--------+--------+--------+--------+--------+-----+--------+

Top non-repeatable levels by time:
     D:1: 741 daAuts
     D:2: 464 daAuts
